 Dungeon Crawl Stone Soup version 0.31-a0-150-g89dc3ad700 (webtiles) character file.

Game seed: 14590153331382252228

637 pokeman the Magician (level 7, -7/38 HPs)
             Began as a Deep Elf Hedge Wizard on June 8, 2023.
             Mangled by a gnoll bouda
             ... wielding a +0 whip
              (9 damage)
             ... on level 5 of the Dungeon.
             The game lasted 00:13:14 (4877 turns).

pokeman the Magician (Deep Elf Hedge Wizard)        Turns: 4877, Time: 00:13:15

Health: -7/38      AC:  2    Str:  7    XL:     7   Next: 25%
Magic:  6/20       EV: 13    Int: 21    God:
Gold:   276        SH:  0    Dex: 14    Spells: 13/21 levels left

rFire   . . .        z - +0 dagger (venom)
rCold   + . .        (no shield)
rNeg    . . .        b - +0 robe
rPois   .            c - +0 hat
rElec   .            (no cloak)
rCorr   .            (no gloves)
SInv    .            (no boots)
Will    .....        k - amulet of magic regeneration
Stlth   ++           q - ring of protection from cold
HPRegen 0.26/turn    (no ring)
MPRegen 0.57/turn

%: no passive effects
@: brilliant, lethally poisoned (-7 -> -9), very slightly contaminated
A: no striking features
a: no special abilities


You were on level 5 of the Dungeon.
You visited 1 branch of the dungeon, and saw 5 of its levels.
You also visited: Ossuary.

You collected 276 gold pieces.

Inventory:

Hand Weapons
 z - a +0 dagger of venom (weapon)
Armour
 b - a +0 robe (worn)
 c - a +0 hat (worn)
 h - a +0 buckler
 j - the +1 ring mail "Haris" {rC+}
   (You found it on level 2 of the Dungeon)

   rC:        It protects you from cold.
Magical Staves
 e - a staff of cold
Jewellery
 k - an amulet of magic regeneration (around neck)
 q - a ring of protection from cold (left hand)
 s - an amulet of reflection
Wands
 x - a wand of iceblast (4)
Scrolls
 f - 6 scrolls of identify {unknown}
 g - 3 scrolls of fear {unknown}
 m - a scroll of brand weapon {unknown}
 n - 6 scrolls of poison {unknown}
 r - 2 scrolls of teleportation {unknown}
 w - 3 scrolls of immolation {unknown}
 y - 2 scrolls of fog {unknown}
Potions
 a - a potion of enlightenment {unknown}
 d - a potion of magic
 i - 2 potions of mutation {unknown}
 l - 3 potions of brilliance
 o - a potion of degeneration {unknown}
 p - a potion of cancellation {unknown}
 u - 4 potions of curing {unknown}
 v - 3 potions of ambrosia {unknown}


   Skills:
 + Level 1.5 Fighting
 - Level 1.0 Armour
 - Level 3.0 Dodging
 - Level 3.0 Stealth
 - Level 1.0 Shields
 * Level 7.8 Spellcasting
 + Level 3.7 Conjurations
 - Level 1.1 Summonings
 - Level 1.1 Translocations
 + Level 2.1 Ice Magic
 - Level 1.0 Air Magic
 - Level 1.2 Poison Magic
 - Level 1.0 Evocations


You had 13 spell levels left.
You knew the following spells:

 Your Spells              Type           Power      Damage    Failure   Level
a - Magic Dart            Conj           100%       1d8       1%          1
b - Mephitic Cloud        Conj/Pois/Air  25%        N/A       11%         3
c - Call Imp              Summ           38%        N/A       8%          2
d - Blink                 Tloc           38%        N/A       8%          2

Your spell library contained the following spells:

 Spells                   Type           Power      Damage    Failure   Level
 Lesser Beckoning         Tloc           38%        N/A       8%          2
 Slow                     Hex            48%        N/A       9%          1
 Cigotuvi's Dreadful Rot  Necr/Pois/Air  34%        N/A       9%          2
 Ozocubu's Armour         Ice            26%        N/A       10%         3
 Gell's Gravitas          Tloc           19%        N/A       16%         3
 Teleport Other           Tloc           19%        N/A       16%         3
 Metabolic Englaciation   Hex/Ice        9%         N/A       82%         5
 Simulacrum               Ice/Necr       9%         N/A       100%        6


Dungeon Overview and Level Annotations

Branches:
Dungeon (5/15)            Ossuary (visited)
 Temple: D:4-7

Altars:
Makhleb
Nemelex Xobeh

Annotations:
D:3 Gold and scroll through fire


Message History

You feel sick. The adder bites you but does no damage.
A gnoll comes into view. It is wielding a +0 whip.
The adder bites you.
* * * LOW HITPOINT WARNING * * *
Casting: Magic Dart (safe; 1% risk of failure)
Confirm with . or Enter, or press ? or * to list all spells.
Aiming: Magic Dart (safe; 1% risk of failure)
Press: ? - help, Shift-Dir - straight line, f/p - adder
Aim: an adder (almost dead, 100% to hit)
The magic dart hits the adder but does no damage.
The adder is almost dead.
You feel sick.
You are no longer poisoned.
The adder closely misses you.
Casting: Magic Dart (safe; 1% risk of failure)
Confirm with . or Enter, or press ? or * to list all spells.
Aiming: Magic Dart (safe; 1% risk of failure)
Press: ? - help, Shift-Dir - straight line, f/p - adder
Aim: an adder (almost dead, 100% to hit)
The magic dart hits the adder.
The adder is almost dead.
The adder bites you.
* * * LOW HITPOINT WARNING * * *
You are lethally poisoned!
The adder poisons you!
Casting: Magic Dart (safe; 1% risk of failure)
Confirm with . or Enter, or press ? or * to list all spells.
Aiming: Magic Dart (safe; 1% risk of failure)
Press: ? - help, Shift-Dir - straight line, f/p - adder
Aim: an adder (almost dead, 100% to hit)
The magic dart hits the adder.
You kill the adder!
* * * LOW HITPOINT WARNING * * *
You feel sick.
It was a potion of brilliance.
You feel clever all of a sudden.
* * * LOW HITPOINT WARNING * * *
You feel sick. The gnoll closely misses you.
The gnoll bouda hits you with a +0 whip!
You die...

## ##.## ##
##...##.##
#........##
#....#....##
#...g@.....#.
##....g.).....
##.............
#......).g.....
##..##.........
##..!......##<
#....#).#..#
##......#....
..............


You could see a gnoll bouda (confused, very poisoned) and 2 gnolls.

Vanquished Creatures
  An elf zombie (Ossuary)
  A human zombie (Ossuary)
  A jelly (D:4)
  An orc priest (D:4)
  An iguana (D:4)
  Natasha (thrice) (D:2)
  4 mummies (Ossuary)
  8 adders
  5 gnolls
  A shadow imp (D:5)
  An ufetubus (D:5)
  An adder zombie (Ossuary)
  3 worms
  5 dart slugs
  10 orcs
  8 ball pythons
  6 bats
  7 endoplasms
  5 giant cockroaches
  A gnoll zombie (Ossuary)
  10 goblins
  7 hobgoblins
  4 jackals
  7 kobolds
  4 quokkas
  3 frilled lizards
  A goblin zombie (Ossuary)
  An orc zombie (Ossuary)
  7 rats
117 creatures vanquished.

Vanquished Creatures (collateral kills)
  A human zombie (Ossuary)
  A hound zombie (Ossuary)
  An adder zombie (Ossuary)
  A goblin zombie (Ossuary)
  A kobold zombie (Ossuary)
  An orc zombie (Ossuary)
6 creatures vanquished.

Vanquished Creatures (others)
  Terence (D:3)
  A bat (D:3)
2 creatures vanquished.

Grand Total: 125 creatures vanquished

Notes
Turn   | Place    | Note
-------+----------+-------------------------------------------
     0 | D:1      | pokeman the Deep Elf Hedge Wizard began the quest for the
                  | Orb.
     0 | D:1      | Reached XP level 1. HP: 10/10 MP: 7/7
   328 | D:1      | Reached XP level 2. HP: 15/15 MP: 6/9
   859 | D:1      | Found a faded altar of an unknown god.
  1111 | D:1      | Reached skill level 5 in Spellcasting
  1705 | D:2      | Reached XP level 3. HP: 20/20 MP: 5/11
  1715 | D:1      | Learned a level 3 spell: Mephitic Cloud
  1718 | D:1      | Learned a level 2 spell: Call Imp
  1721 | D:1      | Learned a level 2 spell: Blink
  1821 | D:2      | Reached skill level 1 in Fighting
  1884 | D:2      | Identified the +1 ring mail "Haris" {rC+}
  1992 | D:2      | Reached skill level 1 in Armour
  2070 | D:2      | Reached XP level 4. HP: 25/25 MP: 8/13
  2160 | D:2      | Noticed Natasha
  2168 | D:2      | Killed Natasha
  2417 | D:2      | Noticed Natasha
  2428 | D:2      | Killed Natasha
  2429 | D:2      | Reached skill level 6 in Spellcasting
  2503 | D:2      | Noticed Natasha
  2510 | D:2      | Killed Natasha
  2511 | D:2      | Reached XP level 5. HP: 29/29 MP: 8/15
  2595 | D:3      | Found a burning altar of Makhleb.
  2645 | D:3      | Reached skill level 1 in Shields
  2705 | D:3      | Noticed Terence
  2765 | D:3      | Killed Terence
  3532 | D:3      | Reached skill level 1 in Evocations
  3560 | D:4      | Found a sparkling altar of Nemelex Xobeh.
  3686 | D:4      | Found a sand-covered staircase.
  3721 | Ossuary  | Entered an ossuary
  3796 | Ossuary  | Reached XP level 6. HP: 17/34 MP: 15/17
  3931 | Ossuary  | Reached skill level 7 in Spellcasting
  3931 | Ossuary  | Reached skill level 1 in Ice Magic
  3931 | Ossuary  | Reached skill level 1 in Air Magic
  3931 | Ossuary  | Reached skill level 1 in Poison Magic
  4272 | D:4      | Reached XP level 7. HP: 26/38 MP: 20/20
  4839 | D:5      | Entered Level 5 of the Dungeon
  4877 | D:5      | Mangled by a gnoll bouda

Illustrated notes

Levels and vault maps discovered:
D:1:      dpeg_arrival_court, layout_loops_corners,
          ebering_ecumenical_altar_hall
D:2:      layout_rooms, uniq_natasha
D:3:      layout_loops_ring, mainiacjoe_overflow_surrounded_room,
          lemuel_flame_loot_1, uniq_terence
D:4:      layout_basic, nemelex_xobeh_ov_fountains_minmay,
          nicolae_ossuary_entry_monument
D:5:      layout_cave_pools, mainiacjoe_overflow_cross_hatched,
          nicolae_qazlal_eye_of_the_storm, grunt_dithmenos_smoke,
          minmay_temple_entry_crystal_x, serial_demonic, serial_demonic_f,
          serial_demonic_e, serial_demonic_c, serial_demonic_e

Skill      XL: |  1  2  3  4  5  6  7 |
---------------+----------------------+-----
Spellcasting   | 5 6 7 |  7.8
Fighting       | 1 |  1.5
Conjurations   | 2 3 |  3.7
Armour         | 1 |  1.0
Dodging        | 3 |  3.0
Shields        | 1 |  1.0
Stealth        | 3 |  3.0
Evocations     | 1 |  1.0
Ice Magic      | 1 2 |  2.1
Air Magic      | 1 |  1.0
Poison Magic   | 1 |  1.2
Summonings     | |  1.1
Translocations | |  1.1

Action                     |  1- 3 |  4- 6 |  7- 9 || total
---------------------------+-------+-------+-------++-------
  Melee: Dagger            |     9 |    17 |    14 ||    40
         Flail             |       |    67 |       ||    67
         Punch             |       |     1 |       ||     1
   Cast: Magic Dart        |   107 |   185 |    31 ||   323
         Mephitic Cloud    |       |     6 |     9 ||    15
         Call Imp          |       |     9 |       ||     9
         Blink             |       |     6 |       ||     6
    Use: Potion            |       |       |     1 ||     1
   Stab: Confused          |       |     4 |     5 ||     9
         Distracted        |       |     1 |       ||     1
 Armour: Robe              |     6 |    45 |     4 ||    55
  Dodge: Dodged            |    12 |    99 |    19 ||   130

Table legend: (Time is in decaauts)
 A = Elapsed time spent in this place.
 B = Non-inter-level travel time spent in this place.
 C = Inter-level travel time spent in this place.
 D = Time resting spent in this place.
 E = Time spent auto-exploring this place.
 F = Levels seen in this place.
 G = Mean time per level.
                   A        B        C        D        E       F      G
               +--------+--------+--------+--------+--------+-----+--------+
         Total |   4901 |   4723 |    178 |    109 |   3483 |   6 |  816.8 |
       Dungeon |   4457 |   4279 |    178 |    109 |   3337 |   5 |  891.4 |
       Ossuary |    443 |    443 |      0 |      0 |    146 |   1 |  443.0 |
               +--------+--------+--------+--------+--------+-----+--------+

Top non-repeatable levels by time:
     D:1: 1774 daAuts
     D:3: 1012 daAuts
     D:4: 860 daAuts
     D:2: 773 daAuts
 Ossuary: 443 daAuts
     D:5: 37 daAuts
